Map: 2000 Atmospheres LE

Players

Astrea - Winner!

  • Race: Protoss Protoss
  • League: Master

ByuN

  • Race: Terran Terran

Event: DreamHack SC2 Masters Last Chance 2022

VOD

Have the link to the VOD?

Description

Time

  • Played on: Dec. 19, 2021, 6:26 p.m.
  • Length: 26:15

All games in this series

Show
View Real Time Build Order
Export as new Build Order

Astrea Protoss - Winner!

Build Orders: 1 Gate Expand, Blink Stalkers, Carriers 

Get SALT Encoding   

  12  0:00  Probe  
  13  0:12  Probe  
  14  0:16  Pylon  
  14  0:24  Probe (Chrono Boost)  
  15  0:36  Gateway, Probe (Chrono Boost)  
  16  0:43  Probe (Chrono Boost)  
  16  0:45  Assimilator  
  17  0:51  Probe  
  18  1:03  Probe  
  19  1:15  Probe  
  20  1:23  Cybernetics Core  
  20  1:32  Nexus  
  20  1:35  Probe  
  21  1:42  Pylon  
  21  1:47  Probe  
  21  1:51  Assimilator  
  22  1:57  Adept (Chrono Boost)  
  22  1:59  Probe  
  25  2:01  Warp Gate  
  25  2:11  Probe  
  26  2:17  Stalker (Chrono Boost)  
  28  2:23  Probe  
  29  2:33  Twilight Council  
  29  2:35  Probe  
  30  2:44  Probe  
  31  2:48  Gateway  
  31  2:49  Probe (Chrono Boost)  
  32  2:53  Gateway  
  32  2:56  Probe (Chrono Boost)  
  33  3:04  Blink (Chrono Boost)  
  35  3:05  Probe (Chrono Boost)  
  35  3:06  Probe (Chrono Boost)  
  35  3:12  Probe x2  
  37  3:20  Robotics Facility  
  37  3:24  Probe  
  37  3:25  Probe  
  39  3:36  Probe, Pylon  
  39  3:37  Probe  
  41  3:48  Probe  
  42  3:50  Stalker x2  
  42  3:54  Stalker  
  48  3:56  Pylon  
  48  3:57  Assimilator  
  49  4:03  Warp Prism (Chrono Boost)  
  50  4:14  Stalker x2  
  50  4:16  Probe x2  
  56  4:18  Stalker  
  56  4:22  Pylon  
  58  4:32  Probe  
  58  4:37  Stalker  
  61  4:40  Stalker  
  61  4:41  Stalker  
  65  4:51  Probe x2  
  67  5:00  Pylon  
  67  5:02  Stalker, Assimilator  
  67  5:03  Probe  
  70  5:18  Probe  
  71  5:22  Probe  
  71  5:24  Robotics Bay  
  72  5:31  Stalker  
  72  5:34  Probe  
  72  5:35  Probe  
  76  5:37  Nexus  
  76  5:38  Pylon  
  76  5:47  Probe  
  77  5:50  Probe  
  77  5:52  Forge  
  77  5:53  Charge  
  77  5:54  Immortal (Chrono Boost)  
  82  6:00  Probe  
  82  6:02  Probe  
  84  6:04  Shield Battery  
  84  6:05  Sentry, Pylon  
  84  6:08  Gateway  
  86  6:11  Pylon  
  86  6:16  Pylon  
  86  6:22  Colossus (Chrono Boost)  
  86  6:23  Probe x2  
  94  6:35  Probe x2  
  94  6:36  Extended Thermal Lance  
  94  6:37  Sentry  
  98  6:41  Sentry  
  100  6:48  Probe x2  
  102  6:56  Probe  
  102  6:59  Stalker  
  103  7:01  Protoss Ground Weapons Level 1  
  103  7:02  Stalker x2  
  103  7:06  Pylon  
  107  7:11  Probe  
  107  7:12  Probe x2  
  107  7:13  Pylon  
  107  7:14  Pylon  
  102  7:27  Probe  
  103  7:30  Pylon  
  103  7:35  Colossus (Chrono Boost)  
  103  7:41  Probe x2  
  103  7:43  Pylon  
  111  7:45  Zealot x3  
  111  7:49  Gateway  
  111  7:50  Gateway  
  117  7:54  Probe x2  
  119  8:06  Zealot x4  
  119  8:16  Gateway  
  119  8:17  Gateway  
  115  8:28  Zealot x4  
  115  8:29  Disruptor  
  126  8:35  Pylon x2  
  126  8:48  Zealot x2  
  130  8:51  Zealot x4  
  128  9:05  Probe x3  
  128  9:07  Assimilator x2, Dark Shrine  
  128  9:08  Protoss Ground Weapons Level 2 (Chrono Boost)  
  131  9:11  Disruptor (Chrono Boost), Pylon  
  134  9:17  Probe  
  134  9:18  Probe, Stargate  
  134  9:19  Templar Archives  
  136  9:26  Photon Cannon  
  136  9:27  Pylon  
  136  9:29  Probe  
  139  9:35  Protoss Air Weapons Level 1 (Chrono Boost)  
  137  9:42  Disruptor (Chrono Boost)  
  137  9:44  Nexus  
  140  9:48  Pylon  
  140  10:01  Fleet Beacon  
  140  10:04  Stargate  
  138  10:08  Disruptor (Chrono Boost)  
  137  10:33  Zealot x6, High Templar x2  
  153  10:37  Archon  
  153  10:38  Disruptor  
  153  10:40  Carrier (Chrono Boost)  
  156  10:43  Probe x3  
  156  10:47  Carrier (Chrono Boost)  
  163  10:52  Photon Cannon  
  163  10:53  Pylon  
  163  10:55  Probe  
  170  11:12  Zealot x3  
  170  11:13  Zealot x5  
  170  11:16  Disruptor  
  181  11:42  Carrier (Chrono Boost)  
  181  11:43  Carrier (Chrono Boost)  
  181  11:44  Zealot  
  181  11:45  Zealot x2  
  199  11:48  Protoss Ground Weapons Level 3 (Chrono Boost)  
  197  11:58  Disruptor  
  188  12:07  Zealot x8  
  159  12:17  Probe x2  
  159  12:18  Probe  
  159  12:20  Assimilator x2, Pylon  
  162  12:29  Zealot x6  
  171  12:47  Pylon  
  171  12:48  Pylon  
  155  12:53  Disruptor  
  154  13:02  Zealot x6, High Templar x2  
  170  13:06  Archon  
  170  13:08  Shield Battery  
  168  13:26  Carrier (Chrono Boost)  
  168  13:27  Carrier (Chrono Boost)  
  159  13:30  Zealot  
  131  13:51  Zealot, High Templar x4  
  131  13:52  Zealot x3  
  131  13:55  Protoss Air Weapons Level 2 (Chrono Boost), Archon x2  
  141  14:11  Disruptor (Chrono Boost)  
  144  14:21  Nexus  
  148  14:41  Carrier (Chrono Boost)  
  154  14:53  Carrier (Chrono Boost)  
  154  14:54  Protoss Ground Armor Level 1  
  154  14:59  Observer  
  155  15:03  Pylon  
  153  15:09  Probe x3  
  156  15:17  Photon Cannon  
  156  15:23  Observer  
  153  15:37  Zealot x8  
  161  15:58  Zealot x3  
  161  15:59  Zealot x2  
  139  16:21  High Templar x2  
  139  16:22  High Templar x4  
  139  16:23  High Templar x2  
  155  16:27  Archon x3  
  155  16:28  Archon  
  146  16:41  Pylon  
  146  16:44  Nexus  
  144  17:08  Assimilator  
  144  17:11  Protoss Air Weapons Level 3 (Chrono Boost)  
  144  17:19  Photon Cannon  
  140  17:24  Stalker x2, Zealot x3  
  140  17:25  Zealot  
  130  17:44  Zealot x2  
  130  17:49  Disruptor (Chrono Boost)  
  134  17:53  Probe (Chrono Boost)  
  134  17:54  Probe (Chrono Boost)  
  141  17:58  Probe (Chrono Boost)  
  141  18:03  Probe (Chrono Boost)  
  141  18:04  Probe (Chrono Boost)  
  141  18:07  Probe (Chrono Boost)  
  141  18:09  Stalker x2  
  141  18:19  Probe x2  
  145  18:20  Probe x2  
  145  18:22  Disruptor (Chrono Boost)  
  148  18:31  Probe  
  149  18:36  Observer  
  149  18:48  Disruptor (Chrono Boost)  
  150  18:56  Carrier (Chrono Boost)  
  150  18:59  Probe x4  
  150  19:00  Zealot x4  
  159  19:12  Assimilator  
  159  19:14  Assimilator  
  159  19:21  Carrier (Chrono Boost)  
  165  19:30  Photon Cannon  
  165  19:37  Zealot x2  
  165  19:38  Observer  
  165  19:46  Stalker x2  
  169  19:53  Disruptor (Chrono Boost)  
  172  20:11  Pylon  
  172  20:14  Pylon  
  172  20:20  Carrier (Chrono Boost)  
  152  20:45  Carrier (Chrono Boost)  
  158  20:56  Nexus  
  161  21:03  Observer  
  159  21:07  Observer  
  159  21:15  Carrier (Chrono Boost)  
  165  21:24  Photon Cannon, Shield Battery  
  144  21:48  Zealot x5  
  149  21:59  Observer  
  149  22:01  High Templar x2, Sentry  
  153  22:08  Archon  
  140  22:30  Carrier (Chrono Boost)  
  140  22:35  Carrier (Chrono Boost)  
  137  23:08  Probe x2  
  127  23:17  Probe  
  127  23:18  Probe x2  
  129  23:20  Probe  
  129  23:21  Zealot x4  
  129  23:22  Zealot x2  
  140  23:32  Carrier (Chrono Boost)  
  146  23:43  Carrier (Chrono Boost)  
  146  23:48  Probe x3  
  155  24:15  Protoss Air Armor Level 1  
  155  24:21  Assimilator  
  155  24:22  Nexus  
  155  24:27  Carrier (Chrono Boost)  
  161  24:48  Observer  
  160  24:58  Observer  
  160  25:07  Carrier (Chrono Boost), Nexus  
  166  25:14  Disruptor  
  169  25:24  Zealot x5  
  179  25:31  Probe  
  179  25:32  Probe x3  
  149  26:08  Zealot  
  149  26:09  Zealot x7  
Show
View Real Time Build Order
Export as new Build Order

ByuN Terran 

Build Orders: Reaper Expand 

Get SALT Encoding   

  12  0:00  SCV  
  13  0:12  SCV  
  14  0:17  Supply Depot  
  14  0:24  SCV  
  15  0:38  SCV  
  15  0:40  Barracks  
  16  0:44  Refinery  
  16  0:50  SCV  
  17  1:03  SCV  
  18  1:15  SCV  
  19  1:27  Reaper, Orbital Command  
  20  1:42  Command Center  
  20  1:53  Supply Depot, SCV  
  21  2:00  Barracks Tech Lab  
  21  2:02  Refinery  
  21  2:05  SCV  
  22  2:17  SCV  
  22  2:19  Marauder, Concussive Shells  
  26  2:30  SCV  
  26  2:33  Factory  
  25  2:40  Marauder  
  25  2:42  SCV  
  28  2:49  Barracks  
  28  2:54  Orbital Command  
  28  2:55  SCV  
  29  3:07  SCV  
  29  3:12  Barracks Reactor  
  30  3:17  Widow Mine  
  30  3:19  Starport, SCV  
  33  3:20  SCV  
  34  3:32  SCV x2  
  36  3:38  Widow Mine  
  38  3:41  Supply Depot  
  38  3:44  SCV x2, Marine  
  38  3:46  Stimpack  
  38  3:48  Marine x2  
  42  3:55  Medivac  
  45  3:56  SCV  
  45  3:58  Bunker  
  46  4:03  Supply Depot, Widow Mine  
  46  4:07  SCV  
  46  4:08  SCV, Marine x2  
  52  4:15  Supply Depot  
  52  4:19  Marauder  
  54  4:24  SCV x2  
  54  4:28  Marine x2  
  54  4:30  Factory Tech Lab  
  58  4:32  Starport Reactor  
  58  4:36  SCV x2, Refinery  
  58  4:37  Engineering Bay  
  62  4:45  Marauder  
  62  4:46  Marine x2  
  62  4:48  SCV  
  62  4:49  SCV  
  62  4:52  Supply Depot  
  66  4:53  Siege Tank  
  69  5:01  SCV  
  69  5:03  Supply Depot, Barracks  
  70  5:13  Medivac, SCV, Marine x2  
  70  5:14  Marauder  
  77  5:15  SCV  
  75  5:26  SCV  
  75  5:27  SCV  
  77  5:28  Supply Depot  
  77  5:29  Siege Tank  
  77  5:33  Supply Depot  
  80  5:38  SCV, Refinery, Marine x2  
  80  5:40  SCV, Combat Shield  
  84  5:49  Terran Infantry Weapons Level 1  
  84  5:52  Barracks Tech Lab  
  84  5:54  SCV x2  
  86  6:02  Marine x2  
  86  6:03  Marauder  
  90  6:09  Supply Depot  
  90  6:15  Command Center  
  90  6:16  Medivac x2  
  94  6:21  Supply Depot  
  94  6:22  SCV x2  
  94  6:24  Marine  
  94  6:25  Marine  
  98  6:28  Marauder  
  98  6:30  Marauder  
  100  6:34  SCV x2  
  105  6:40  Siege Tank  
  105  6:44  Marine x2  
  105  6:45  Supply Depot  
  107  6:53  SCV x2  
  107  7:02  Marauder x2, Marine x2  
  107  7:06  SCV  
  107  7:07  SCV  
  115  7:12  Siege Tank  
  115  7:14  Viking  
  115  7:15  Viking  
  116  7:24  Marauder x2, Marine x2  
  120  7:39  SCV x2  
  120  7:44  Terran Infantry Armor Level 1, Barracks  
  122  7:45  Supply Depot, Barracks  
  122  7:48  Marauder x2  
  122  7:50  Marine x2  
  128  7:56  Orbital Command  
  128  7:58  SCV  
  126  8:07  SCV  
  126  8:08  Marine  
  126  8:10  SCV  
  113  8:13  Marauder x2, Marine  
  113  8:16  Siege Tank  
  119  8:26  Marine  
  109  8:30  Viking x2  
  109  8:32  Barracks Reactor, Armory  
  109  8:33  Barracks Tech Lab  
  109  8:34  Marauder, SCV x3, Engineering Bay  
  116  8:47  Marauder  
  117  8:48  Marine  
  117  8:49  SCV  
  117  8:50  SCV x2  
  117  8:54  Siege Tank  
  126  8:55  Marauder  
  126  9:01  SCV  
  126  9:02  SCV x2, Refinery  
  127  9:03  Refinery  
  127  9:09  Medivac x2  
  130  9:10  Marine x3  
  130  9:11  Marauder x2  
  130  9:15  SCV x3, Ghost Academy  
  142  9:17  Marauder  
  142  9:20  Missile Turret  
  142  9:25  Marine  
  142  9:28  Sensor Tower  
  143  9:31  Supply Depot  
  143  9:33  Marauder x2  
  143  9:34  SCV x2  
  149  9:39  Supply Depot x2, Missile Turret  
  149  9:40  Terran Infantry Weapons Level 2  
  149  9:46  Terran Infantry Armor Level 2  
  149  9:53  Marine x2  
  149  9:54  Marine x2  
  149  9:56  Enhanced Shockwaves  
  155  10:01  Ghost  
  155  10:05  Ghost  
  157  10:12  Ghost  
  156  10:16  Marine x2  
  156  10:17  Marine x2  
  157  10:30  Marauder  
  157  10:34  Marine x3  
  157  10:35  Marine  
  165  10:40  Medivac x2  
  165  10:41  Siege Tank  
  173  10:50  Command Center, Barracks  
  173  10:51  Barracks x2  
  173  10:54  Ghost x2  
  173  11:09  Supply Depot x2  
  173  11:10  Supply Depot  
  173  11:12  Marine x4, Ghost  
  179  11:23  Ghost  
  178  11:27  Marauder  
  178  11:30  Marine x2  
  182  11:41  Marauder  
  182  11:43  Marine x2  
  185  11:48  SCV x3, Marine  
  185  11:49  Liberator x2, Marauder  
  185  11:52  Marauder  
  176  12:03  Marauder  
  164  12:09  SCV x2  
  164  12:10  Marauder  
  164  12:14  Marauder, Marine x3  
  166  12:16  Marine x2  
  168  12:24  Marauder  
  163  12:32  Marauder  
  163  12:35  Marauder  
  167  12:39  Marine  
  167  12:40  Marine x6  
  174  12:45  Marauder  
  176  12:51  Medivac x2  
  176  12:52  Ghost  
  176  12:56  Marine  
  176  12:58  Marine x2  
  185  13:06  Terran Infantry Weapons Level 3  
  185  13:07  Marauder  
  187  13:14  Marauder  
  185  13:21  Marauder, Medivac x2  
  188  13:29  Marauder, Marine  
  188  13:30  Marine  
  187  13:36  Marauder  
  176  13:43  Marauder  
  176  13:47  Marine  
  132  13:48  Marine  
  132  13:50  Marauder, Marine x5  
  132  13:51  Siege Tank  
  132  13:52  Medivac  
  145  13:57  Marauder  
  145  14:02  Orbital Command  
  147  14:04  Marauder  
  147  14:05  Marine  
  147  14:06  Marine  
  147  14:08  SCV x3, Marine  
  155  14:15  Ghost  
  155  14:16  Barracks Reactor, Barracks Tech Lab  
  157  14:17  Ghost  
  159  14:25  Ghost  
  159  14:26  Viking x2  
  159  14:28  Barracks Tech Lab  
  165  14:33  SCV x3  
  165  14:37  Ghost  
  170  14:43  Ghost  
  172  14:46  Ghost  
  172  14:47  Marine x5  
  179  14:56  Viking x2  
  179  14:57  Ghost  
  185  15:02  Refinery x2  
  185  15:03  SCV x3  
  185  15:04  Command Center  
  185  15:06  Marine x2  
  190  15:07  Marine x4  
  190  15:08  Marine  
  195  15:15  Marauder x2  
  195  15:16  Marine  
  200  15:22  Terran Infantry Armor Level 3  
  194  15:39  Ghost x2  
  198  15:48  Marauder x3  
  198  15:50  Marine  
  198  15:51  Marine  
  198  15:55  Marine  
  200  16:03  Marine x2  
  179  16:07  Ghost x2  
  179  16:08  Ghost x2  
  179  16:10  Marine x2  
  160  16:13  Siege Tank  
  163  16:19  Marine  
  163  16:24  Liberator  
  167  16:37  Marauder x4  
  175  16:41  Ghost  
  176  16:50  SCV x3  
  175  16:58  Ghost  
  175  17:01  Marauder x3  
  178  17:02  Missile Turret, Planetary Fortress  
  178  17:04  Marine x2  
  178  17:05  Marine  
  178  17:08  Marine  
  182  17:10  Marauder  
  182  17:15  Marine x2  
  186  17:22  Marauder, Marine x2  
  185  17:35  Marine  
  152  17:37  Marine  
  152  17:38  Marine x6  
  152  17:39  Marine x2  
  152  17:43  Viking x2  
  161  17:56  Marine x2  
  161  17:57  Marine x4  
  166  18:06  Marine x2  
  166  18:08  Thor  
  166  18:10  Marauder x3  
  179  18:14  Marine x2  
  178  18:24  Marauder x2  
  182  18:27  Viking  
  182  18:28  Viking  
  182  18:33  Missile Turret, Marine x4  
  182  18:34  Marine x2  
  189  18:56  Starport, Marine x6  
  189  18:58  Marauder x2, Starport  
  197  19:16  Terran Ship Weapons Level 1  
  197  19:19  Refinery  
  197  19:20  Refinery  
  197  19:23  Command Center x2  
  190  19:40  Viking  
  190  19:41  Viking x3  
  191  20:06  Thor  
  197  20:10  Viking  
  181  20:32  Viking x3  
  181  20:40  Viking  
  176  20:47  Orbital Command  
  174  20:55  Marauder x3  
  174  20:56  Marauder x2, Marine x2, Thor  
  174  20:57  Marine x4  
  188  21:02  Viking x3  
  198  21:10  Missile Turret  
  197  21:14  Marine  
  197  21:17  Viking  
  199  21:22  Terran Ship Weapons Level 2  
  174  21:41  Ghost x2  
  174  21:46  Ghost x2  
  163  21:47  Marine x2  
  163  21:48  Marine  
  163  21:52  Marine  
  163  21:53  Marine  
  163  21:54  Marine x2  
  159  21:56  Viking x4  
  168  22:04  Planetary Fortress  
  168  22:09  Ghost  
  157  22:30  Marine x3  
  157  22:31  Marine  
  157  22:34  Marauder x2  
  157  22:35  Marauder x2  
  161  22:39  Marauder, Marine x2  
  163  22:48  Marine  
  122  22:59  Marine  
  122  23:00  Marine x5  
  117  23:09  Marine x2  
  116  23:14  Viking  
  116  23:15  Viking  
  116  23:17  Viking  
  114  23:41  SCV x3  
  117  23:55  Viking x3  
  122  24:08  Orbital Command  
  113  24:15  Viking  
  115  24:44  Viking x3  
  113  24:56  Viking  
  113  25:14  Marine x2  
  113  25:15  Marine x6  
  121  25:24  Marauder x3  
  121  25:25  Viking x2  
  131  25:33  Ghost  
  131  25:34  Marauder  
  131  25:45  Ghost  
  131  25:46  Marauder  
  135  25:50  Sensor Tower  

Tags
 
Add a new tag
Caveats
  • Supply blocks, unpowered buildings, or Contaminate may cause inaccurate times.
  • Supply counts are checked every 10 seconds.